 Dungeon Crawl Stone Soup version 0.29-a0-668-g12ee2bf84d (webtiles) character file.

Game seed: 15839352713092628799

3665 purpskrrrp the Cudgeller (level 9, -5/94 (99) HPs)
             Began as a Demonspawn Wanderer on June 23, 2022.
             Was an Initiate of Gozag.
             Slain by Maggie
             ... wielding a +2 halberd of draining
              (8 damage)
             ... on level 8 of the Dungeon.
             The game lasted 00:48:15 (9003 turns).

purpskrrrp the Cudgeller (Demonspawn Wanderer)      Turns: 9003, Time: 00:48:24

HP:   -5/94 (99)    AC: 28    Str: 11    XL:     9   Next: 89%
MP:   9/9           EV:  2    Int: 14    God:    Gozag
Gold: 395           SH: 12    Dex: 20    Spells: 8/8 levels left

rFire   + . .      SeeInvis .   V - +10 mace of the Reaper {vorpal, +Blink Int+2}
rCold   . . .      Faith    .   N - +2 buckler
rNeg    . . .      Spirit   .   (body armour currently unavailable)
rPois   +          Reflect  +   (helmet currently unavailable)
rElec   .          Harm     .   (cloak currently unavailable)
rCorr   .          Rampage  .   (gloves currently unavailable)
Will    .....      NoTele   +   (boots currently unavailable)
Stlth   +++.......              j - amulet of reflection
HPRegen 0.25/turn               l - +4 ring of protection
MPRegen 0.11/turn               y - ring of protection from fire

@: tree-form, mesmerised, hasted and slowed, lightly drained
A: stationary, stasis, torment immunity, boosted hp, (claws 2), demonic guardian
1, powered by death 2
a: Renounce Religion, Evoke Blink, Potion Petition, Call Merchant, Bribe Branch


You were on level 8 of the Dungeon.
You worshipped Gozag.
Gozag was aware of your devotion.
You were a tree.
You visited 2 branches of the dungeon, and saw 9 of its levels.
You also visited: Sewer and Ossuary.

You collected 521 gold pieces.
You paid 126 gold pieces to Gozag.

Inventory:

Hand Weapons
 a - a +0 dagger
 d - a +0 mace
 g - a +2 dagger of draining
 i - a +4 dagger
 u - a +1 vorpal flail
 Q - a +0 battleaxe
 R - a +3 scimitar
 V - the +10 mace of the Reaper (weapon) {vorpal, +Blink Int+2}
   (You found it on level 7 of the Dungeon)

   It inflicts extra damage upon your enemies.
   Int:       It affects your intelligence (+2).
   +Blink:    It lets you blink.
 W - a +3 quarterstaff of chaos
Missiles
 b - 4 atropa-tipped darts
 c - 2 datura-tipped darts
 h - 10 poisoned darts
Armour
 e - a +0 scale mail
 q - a +3 leather armour (melded)
 s - a +0 leather armour
 C - a +0 chain mail of fire resistance
 D - a +0 plate armour
 F - a +0 hat (melded)
 N - a +2 buckler (worn)
 P - a +0 cloak
 X - a +1 cloak of willpower (melded)
Jewellery
 j - an amulet of reflection (around neck)
 l - a +4 ring of protection (left branch)
 y - a ring of protection from fire (right branch)
 A - a ring of resist corrosion
 J - a ring of wizardry
 K - a ring of wizardry
Wands
 v - a wand of flame (34)
 G - a wand of iceblast (7)
 I - a wand of mindburst (12) (quivered)
 U - a wand of paralysis (3)
Scrolls
 m - 3 scrolls of teleportation
 n - a scroll of fog
 w - 8 scrolls of identify
 x - 2 scrolls of blinking
 E - 2 scrolls of magic mapping
 L - 2 scrolls of immolation
Potions
 k - 4 potions of brilliance
 p - a potion of lignification
 r - a potion of magic
 t - 7 potions of heal wounds {unknown}
 z - 3 potions of flight {unknown}
 B - 4 potions of degeneration {unknown}
 H - a potion of resistance {unknown}
 M - a potion of mutation {unknown}
 O - a potion of attraction {unknown}
 S - a potion of invisibility {unknown}
 T - a potion of might {unknown}


   Skills:
 + Level 4.4 Fighting
 + Level 3.3(4.1) Short Blades
 + Level 3.3(4.1) Long Blades
 + Level 6.6 Maces & Flails
 + Level 1.2 Throwing
 + Level 5.5 Armour
 + Level 4.5 Dodging
 + Level 5.8 Stealth
 + Level 3.3 Shields
 + Level 2.8 Evocations


You had 8 spell levels left.
You didn't know any spells.
Your spell library contained the following spells:

 Spells                   Type           Power      Damage    Failure   Level
 Apportation              Tloc           0%         N/A       36%         1
 Necrotize                Necr           0%         1d4       36%         1
 Summon Small Mammal      Summ           0%         N/A       36%         1
 Static Discharge         Conj/Air       0%         N/A       50%         2
 Dazzling Flash           Conj/Hex       0%         N/A       75%         3
 Ozocubu's Armour         Ice            0%         N/A       75%         3
 Portal Projectile        Hex/Tloc       0%         N/A       75%         3
 Tukima's Dance           Hex            0%         N/A       75%         3
 Airstrike                Air            0%         N/A       98%         4
 Summon Lightning Spire   Summ/Air       0%         N/A       98%         4
 Agony                    Necr           0%         N/A       100%        5
 Blade Hands              Tmut           0%         N/A       100%        5
 Irradiate                Conj/Tmut      0%         3d13      100%        5
 Lightning Bolt           Conj/Air       0%         1d11      100%        5
 Silence                  Hex/Air        0%         N/A       100%        5
 Dragon Form              Tmut           0%         N/A       100%        7
 Ozocubu's Refrigeration  Ice            0%         4d5       100%        7
 Maxwell's Capacitive Co  Air            0%         ∞         100%        8


Dungeon Overview and Level Annotations

Branches:
Dungeon (8/15)             Temple (1/1) D:7           Sewer (visited)
Ossuary (visited)
   Lair: D:8-11

Altars:
Ashenzari
Cheibriados
Dithmenos
Elyvilon
Fedhas
Gozag
Hepliaklqana
Kikubaaqudgha
Makhleb
Nemelex Xobeh
Okawaru
Qazlal
Ru
Sif Muna
Trog
Uskayaw
Vehumet
Wu Jian
Xom
Yredelemnul
Zin

Shops:
D:3 =[(

Annotations:
D:8 Maggie


Innate Abilities, Weirdness & Mutations

You are a tree.
Your roots penetrate the ground, keeping you stationary.
You cannot be teleported.
You are immune to unholy pain and torment.
Your maximum health is greatly increased.
Your equipment is partially melded.
((You have very sharp fingernails.))
A weak demonic guardian rushes to your aid.
You regenerate health from kills.


Message History

Maggie draws you further into her thrall.
You block the cyclops's attack.
Hit: V) +10 mace of the Reaper {vorpal, +Blink Int+2}
Press: ? - help, Dir - move target, f/p - cyclops
Aim: a cyclops, quivering large rocks (heavily wounded, durably summoned, about 10% to evade the +10 mace of the Reaper)
You sock the cyclops!
The cyclops is almost dead.
Your ufetubus hits the cyclops but does no damage. x3
Your ufetubus hits the cyclops.
The cyclops hits you but does no damage.
Maggie hits you from afar with a +2 halberd of draining!
* * * LOW HITPOINT WARNING * * *
You feel drained.
* * * LOW HITPOINT WARNING * * *
Your ufetubus hits the cyclops but does no damage. x2
The cyclops hits you but does no damage.
The cyclops hits you!
* * * LOW HITPOINT WARNING * * *
A demonic guardian appears!
Maggie barely misses you.
You cannot teleport because you are held in place by your roots.
You feel better.
Your ufetubus hits the cyclops.
Your ufetubus hits the cyclops but does no damage.
Your ufetubus barely misses the cyclops.
Your ufetubus hits the cyclops but does no damage.
You block Maggie's attack.
The cyclops completely misses your ufetubus.
You block the cyclops's attack.
Your ufetubus closely misses Maggie.
Your ufetubus hits Maggie.
You feel yourself speed up.
Your ufetubus hits the cyclops.
Your ufetubus barely misses the cyclops.
Your ufetubus hits Maggie.
Your ufetubus barely misses Maggie.
Your ufetubus hits the cyclops. x2; You block Maggie's attack.
Your ufetubus hits Maggie.
Your ufetubus closely misses Maggie.
The cyclops hits you!!
* * * LOW HITPOINT WARNING * * *
You block the cyclops's attack.
Your ufetubus hits the cyclops.
Your ufetubus hits the cyclops but does no damage.
Maggie hits you from afar with a +2 halberd of draining!
You die...
Your body crumbles into a pile of gold.

'#......########## ###
_#............>.. ..
##........####.## #.
............(...## ...###.#######
.............#...................
.............##.##########.######
.............##.#### #..##
...............C.C.# #...#
...............5♣..# #...#
.......###.........# #...#
######## #..!...@5.# #...##
#.........# #....# #.........#
#....## #####.....#######.....##
#.....+.............
#.....#######....... #.......


You could see Maggie (mesmerising, ally target), 2 cyclopes and 2 friendly
ufetubi.

Vanquished Creatures
  A two-headed ogre (D:8)
  Prince Ribbit (D:7)
  Grinder (D:3)
  Sigmund (D:2)
  A wraith (D:6)
  A wyvern (D:8)
  3 steam dragons
  An orc warrior (D:7)
  2 ogres
  2 phantoms
  2 bullfrogs (Sewer)
  4 water moccasin zombies (Ossuary)
  4 scorpions
  3 wights (Temple)
  A howler monkey (D:5)
  2 jellies
  2 hounds (D:5)
  Crazy Yiuf (D:7)
  An orc priest (D:8)
  An iron imp (D:6)
  4 orc wizards
  2 iguanas
  2 mummies (Ossuary)
  8 adders
  3 gnolls (D:8)
  A white imp (D:8)
  An ufetubus (D:5)
  6 adder zombies (Ossuary)
  A worm (D:4)
  3 dart slugs (D:1)
  21 orcs
  5 bats
  15 endoplasms
  8 giant cockroaches
  6 goblins
  8 hobgoblins
  3 jackals (D:2)
  9 quokkas
  14 ball pythons
  16 frilled lizards
  2 gnoll zombies (Ossuary)
  5 hobgoblin zombies (Ossuary)
  8 kobolds
  8 kobold zombies (Ossuary)
  5 orc zombies (Ossuary)
  9 rats
208 creatures vanquished.

Vanquished Creatures (collateral kills)
  An orc (D:4)
  A giant cockroach (Sewer)
  A jackal (D:2)
  A ball python (Sewer)
  A gnoll zombie (Ossuary)
  A rat (D:3)
6 creatures vanquished.

Grand Total: 214 creatures vanquished

Notes
Turn   | Place    | Note
-------+----------+-------------------------------------------
     0 | D:1      | purpskrrrp the Demonspawn Wanderer began the quest for the
                  | Orb.
     0 | D:1      | purpskrrrp set off with the following items: a +0 dagger, 2
                  | atropa-tipped darts, 2 datura-tipped darts, a +0 mace, a +0
                  | scale mail, a potion of curing.
     0 | D:1      | Reached XP level 1. HP: 13/13 MP: 1/1
   168 | D:1      | Gained mutation: A weak demonic guardian rushes to your
                  | aid. [demonic ancestry]
   168 | D:1      | Reached XP level 2. HP: 11/20 MP: 2/2
   706 | D:1      | Found a faded altar of an unknown god.
   891 | D:1      | Gained mutation: You regenerate a little health from kills.
                  | [demonic ancestry]
   891 | D:1      | Reached XP level 3. HP: 25/25 MP: 3/3
  1293 | D:2      | Noticed Sigmund
  1302 | D:2      | Killed Sigmund
  1303 | D:2      | Reached skill level 1 in Fighting
  1303 | D:2      | Reached skill level 1 in Short Blades
  1303 | D:2      | Reached skill level 2 in Maces & Flails
  1303 | D:2      | Gained mutation: You have sharp fingernails. [demonic
                  | ancestry]
  1303 | D:2      | Reached XP level 4. HP: 21/32 MP: 4/4
  1303 | D:2      | Reached XP level 5. HP: 24/37 MP: 5/5
  2063 | D:3      | Found a blossoming altar of Fedhas.
  2101 | D:3      | Noticed Grinder
  2115 | D:3      | Killed Grinder
  2116 | D:3      | Reached skill level 1 in Dodging
  2116 | D:3      | Reached XP level 6. HP: 14/43 MP: 6/6
  2137 | D:3      | You fall into a shaft and drop 3 floors!
  2145 | D:5      | Entered Level 5 of the Dungeon
  2242 | D:5      | Reached skill level 5 in Armour
  2286 | D:4      | Reached skill level 5 in Stealth
  2441 | D:3      | Found a glowing drain.
  2450 | Sewer    | Entered a sewer
  2707 | Sewer    | Gained mutation: You regenerate health from kills. [demonic
                  | ancestry]
  2707 | Sewer    | Reached XP level 7. HP: 45/49 MP: 7/7
  2874 | Sewer    | Reached skill level 1 in Shields
  3295 | D:3      | Found Lummiolo's Antique Armour Boutique.
  3301 | D:3      | Found Modorr's Antique Weapon Shoppe.
  3330 | D:3      | Found a hazy altar of Hepliaklqana.
  3430 | D:3      | Found an ornate altar of the Wu Jian Council.
  3496 | D:3      | Found Ofuni's Jewellery Boutique.
  4582 | D:4      | Reached skill level 3 in Maces & Flails
  5332 | D:5      | Reached skill level 1 in Throwing
  5375 | D:5      | Gained mutation: You have very sharp fingernails. [demonic
                  | ancestry]
  5375 | D:5      | Reached XP level 8. HP: 55/56 MP: 8/8
  5750 | D:5      | Reached skill level 4 in Maces & Flails
  6259 | D:6      | Found a snail-covered altar of Cheibriados.
  6794 | D:7      | Found a sand-covered staircase.
  6808 | Ossuary  | Entered an ossuary
  6902 | Ossuary  | Reached skill level 5 in Maces & Flails
  7107 | D:7      | Reached XP level 9. HP: 44/64 MP: 9/9
  7224 | D:7      | Found a staircase to the Ecumenical Temple.
  7281 | D:7      | Reached skill level 6 in Maces & Flails
  7309 | Temple   | Entered the Ecumenical Temple
  7624 | Temple   | Became a worshipper of Warmaster Okawaru
  7882 | D:7      | Found a radiant altar of Vehumet.
  7984 | D:7      | Found an opulent altar of Gozag.
  8035 | D:7      | Noticed Prince Ribbit
  8050 | D:7      | Killed Prince Ribbit
  8109 | D:7      | Fell from the grace of Okawaru
  8112 | D:7      | Became a worshipper of Gozag Ym Sagoz the Greedy
  8360 | D:7      | Found a runed translucent door.
  8361 | D:7      | Noticed Crazy Yiuf
  8370 | D:7      | Killed Crazy Yiuf
  8371 | D:7      | Reached skill level 1 in Long Blades
  8373 | D:7      | Identified the +10 mace of the Reaper {vorpal, +Blink
                  | Int+2}
  8633 | D:8      | Noticed a two-headed ogre
  8644 | D:8      | Killed a two-headed ogre
  8951 | D:8      | Noticed a cyclops
  8951 | D:8      | Noticed an orc knight
  8970 | D:8      | Found a bloodstained altar of Trog.
  8987 | D:8      | Noticed Maggie
  8994 | D:8      | Noticed a cyclops
  8994 | D:8      | Noticed a cyclops
  9003 | D:8      | HP: 3/94 [cyclops[the fury of Okawaru] (23)]
  9003 | D:8      | Slain by Maggie

Illustrated notes

Levels and vault maps discovered:
D:1:      dpeg_arrival_rooms_a, layout_basic,
          chequers_ecumenical_altar_simple_redux
D:2:      layout_basic, hangedman_abyss_or_decor_stabs, uniq_sigmund
D:3:      layout_loops_ring, nzn_hepliaklqana_mist_gate,
          mainiacjoe_overflow_boulevard, nicolae_wu_jian_immortal_techniques,
          serial_shops, shop_fountains, nicolae_shop_statue_plus, shop,
          portal_sewer_entry_a, uniq_grinder
D:4:      layout_layer_cave
D:5:      layout_basic
D:6:      layout_basic, slow_altar_2
D:7:      layout_cave_pools, mainiacjoe_overflow_brackets,
          mainiacjoe_overflow_surrounded_room, nicolae_elyvilon_peaceful_grove,
          minmay_temple_entry_junction_2, nicolae_ossuary_entry_monument,
          serial_glass, glass_columns_a, glass_columns_b,
          uniq_crazy_yiuf_cottage, uniq_prince_ribbit1
D:8:      layout_basic, kennysheep_mini, uniq_pikel, uniq_maggie
Temple:   cyrus_circular_temple

Skill      XL: |  1  2  3  4  5  6  7  8  9 |
---------------+----------------------------+-----
Stealth        | 4 5 |  5.8
Armour         | 4 5 |  5.5
Fighting       | 1 2 3 4 |  4.4
Short Blades   | 1 2 3 |  3.3
Maces & Flails | 2 3 5 6 |  6.6
Dodging        | 1 2 3 4 |  4.5
Shields        | 1 2 3 |  3.3
Throwing       | 1 |  1.2
Evocations     | 2 |  2.8
Long Blades    | 3 |  3.3

Action                   |  1- 3 |  4- 6 |  7- 9 || total
-------------------------+-------+-------+-------++-------
Melee: Mace              |    21 |       |    29 ||    50
       Dagger            |    60 |   172 |    48 ||   280
       Punch             |       |     1 |     5 ||     6
       Flail             |       |       |   349 ||   349
       Scimitar          |       |       |    27 ||    27
Throw: Dart              |     2 |     3 |     4 ||     9
Invok: Renounce Religion |       |       |     1 ||     1
Evoke: Wand              |       |       |    35 ||    35
  Use: Scroll            |     2 |     4 |    10 ||    16
       Potion            |       |       |    12 ||    12
 Stab: Sleeping          |     2 |     3 |    12 ||    17
       Distracted        |     1 |     3 |       ||     4
Armor: Scale mail        |    32 |    35 |       ||    67
       Leather armour    |       |    44 |   178 ||   222
       Skin              |       |       |    15 ||    15
Dodge: Dodged            |    37 |   108 |   291 ||   436
Block: Other             |     5 |    41 |   116 ||   162
       Reflection        |     2 |       |       ||     2
       Buckler           |       |       |    17 ||    17

Table legend: (Time is in decaauts)
 A = Elapsed time spent in this place.
 B = Non-inter-level travel time spent in this place.
 C = Inter-level travel time spent in this place.
 D = Time resting spent in this place.
 E = Time spent auto-exploring this place.
 F = Levels seen in this place.
 G = Mean time per level.
                   A        B        C        D        E       F      G
               +--------+--------+--------+--------+--------+-----+--------+
         Total |   9165 |   8402 |    763 |    638 |   5346 |  11 |  833.2 |
       Dungeon |   7870 |   7191 |    679 |    494 |   5035 |   8 |  983.8 |
        Temple |    445 |    361 |     84 |     81 |    232 |   1 |  445.0 |
         Sewer |    590 |    590 |      0 |     63 |     79 |   1 |  590.0 |
       Ossuary |    258 |    258 |      0 |      0 |      0 |   1 |  258.0 |
               +--------+--------+--------+--------+--------+-----+--------+

Top non-repeatable levels by time:
     D:4: 1723 daAuts
     D:7: 1065 daAuts
     D:1: 1046 daAuts
     D:6: 1037 daAuts
     D:2: 1018 daAuts
     D:3: 887 daAuts
     D:5: 612 daAuts
   Sewer: 590 daAuts
     D:8: 479 daAuts
  Temple: 445 daAuts
 Ossuary: 258 daAuts
